 Dungeon Crawl Stone Soup version 0.21-a0-140-g479285b (webtiles) character file.

1345 rin1221 the Magician (level 8, -9/58 HPs)
             Began as a Demonspawn Wizard on July 21, 2017.
             Was a Follower of Vehumet.
             Mangled by jupiterseattle's ghost (11 damage)
             ... on level 7 of the Dungeon.
             The game lasted 00:27:50 (6725 turns).

rin1221 the Magician (Demonspawn Wizard)            Turns: 6725, Time: 00:27:50

Health: -9/58      AC:  8    Str:  9    XL:     8   Next: 36%
Magic:  0/15       EV: 13    Int: 21    God:    Vehumet [*.....]
Gold:   299        SH:  0    Dex: 11    Spells: 2/16 levels left

rFire    . . .     SeeInvis .   f - +0 dagger
rCold    . . .     Gourm    .   (no shield)
rNeg     + . .     Faith    .   D - +2 robe {rN+}
rPois    .         Spirit   +   b - +0 hat
rElec    .         Reflect  .   (no cloak)
rCorr    .         Harm     .   (no gloves)
MR       .....     Clarity  +   r - +0 pair of boots
Stlth    ++........             (no amulet)
HPRegen  0.19/turn              (no ring)
MPRegen  0.28/turn              (no ring)

@: no status effects
A: talons 1, molten scales 2, clarity, demonic guardian 1, mutation resistance
1, magic shield, magic regeneration
a: Renounce Religion


You were on level 7 of the Dungeon.
You worshipped Vehumet.
Vehumet was aware of your devotion.
You were not hungry.

You visited 1 branch of the dungeon, and saw 7 of its levels.

You collected 299 gold pieces.

Inventory:

Hand Weapons
 f - a +0 dagger (weapon)
 B - a cursed -3 quarterstaff
 C - a +0 whip of freezing
Missiles
 k - 88 stones (quivered)
 q - 4 javelins
Armour
 a - a +0 robe
 b - a +0 hat (worn)
 r - a +0 pair of boots (worn)
 z - a +0 large shield
 D - a +2 robe of positive energy (worn)
Wands
 p - a wand of confusion (8/48)
 s - a wand of iceblast (13/15)
 y - a wand of iceblast (6/15)
 F - a wand of iceblast (13/15)
Scrolls
 m - a scroll of recharging
 x - a scroll of remove curse
 A - a scroll of amnesia
Potions
 e - a potion of invisibility {unknown}
 g - 2 potions of brilliance
 i - a potion of flight {unknown}
 j - a potion of magic {unknown}
 l - 2 potions of lignification
 u - 2 potions of might
 v - 2 potions of heal wounds {unknown}
Books
 c - a book of Minor Magic

   Spells                             Type                      Level
   a - Magic Dart                     Conjuration                  1
   b - Blink                          Translocation                2
   c - Call Imp                       Summoning                    2
   d - Slow                           Hexes                        2
   e - Conjure Flame                  Conjuration/Fire             3
   f - Mephitic Cloud                 Conjuration/Poison/Air       3
Comestibles
 d - 5 bread rations
 h - 5 fruits
 o - a meat ration
 t - 2 royal jellies
 E - 3 chunks of flesh


   Skills:
 - Level 3.1 Fighting
 + Level 3.3 Dodging
 - Level 1.7 Stealth
 * Level 4.8 Spellcasting
 + Level 4.5 Conjurations
 + Level 3.1 Hexes
 + Level 3.8 Summonings
 + Level 3.1 Translocations
 + Level 0.6 Air Magic
 + Level 1.5 Evocations


You had 2 spell levels left.
You knew the following spells:

 Your Spells              Type           Power        Failure   Level  Hunger
a - Magic Dart            Conj           ###.         1%          1    None
b - Blink                 Tloc           N/A          4%          2    None
c - Call Imp              Summ           ###.....     3%          2    None
d - Slow                  Hex            ###.....     4%          2    None
e - Mephitic Cloud        Conj/Pois/Air  ##......     16%         3    ##.....
f - Conjure Flame         Conj/Fire      ##......     13%         3    ##.....
g - Shock                 Conj/Air       ###.         3%          1    None


Dungeon Overview and Level Annotations

Branches:
Dungeon (7/15)             Temple (0/1) D:6

Altars:
Ashenzari
Cheibriados
Elyvilon
Qazlal
Ru
Vehumet
Wu Jian
The Shining One

Annotations:
D:4 rin1221's ghost, amateur DsWz
D:7 jupiterseattle's ghost, novice MfSk


Innate Abilities, Weirdness & Mutations

You have sharp toenails.
You are mostly covered in molten scales. (AC +3)
A weak demonic guardian rushes to your aid.
When hurt, damage is shared between your health and your magic reserves.
You regenerate magic rapidly.
You possess an exceptional clarity of mind.
You are somewhat resistant to further mutation.


Message History

Jupiterseattle's ghost hits you!
* * * LOW HITPOINT WARNING * * *
Casting: Call Imp
Confirm with . or Enter, or press ? or * to list all spells.
You don't know that spell.
Casting: Call Imp
Confirm with . or Enter, or press ? or * to list all spells.
You don't know that spell.
Your quasit barely misses jupiterseattle's ghost.
Your quasit claws jupiterseattle's ghost but does no damage.
Your quasit misses jupiterseattle's ghost.
Your iron imp completely misses jupiterseattle's ghost.
Your crimson imp barely misses something.
Something hits you.
* * * LOW HITPOINT WARNING * * *
Something shocks you.
* * * LOW HITPOINT WARNING * * *
Your crimson imp blinks!
Jupiterseattle's ghost hits you!
You die...

#.....#
+.....#
#.....#
#.....# #
#.....####.#
#...5......
##.......#
#...#§...#
#.#..@W5.#
#.###5.#.#
##.#.#5...#
#..#....###
#....#<##
#..5#.#.#
#....#.#.##
#.....##.#..#
.....# #.##≈#


You could see jupiterseattle's ghost, a friendly iron imp, a friendly quasit and
2 friendly crimson imps.

Vanquished Creatures
  A water moccasin (D:6)
  A slave (D:6)
  A sky beast (D:5)
  An ogre (D:6)
  Blork the orc (D:6)
  A bullfrog skeleton (D:4)
  An iguana (D:5)
  5 adders
  A shadow imp (D:6)
  An ooze (D:2)
  An adder zombie (D:5)
  An adder skeleton (D:4)
  A dart slug (D:4)
  4 leopard geckos
  2 orcs
  A ball python (D:4)
  2 giant cockroaches
  10 goblins
  8 hobgoblins
  3 jackals (D:4)
  9 kobolds
  A quokka (D:5)
  6 bats
  4 frilled lizards
  9 rats
76 creatures vanquished.

Vanquished Creatures (collateral kills)
  A two-headed ogre (D:4)
  Pikel (D:6)
  A slave (D:6)
  A black bear (D:6)
  3 ogres (D:6)
  The ghost of Vibarexel the Grave Robber, an amateur DENe (D:3)
  A bullfrog (D:6)
  A scorpion (D:4)
  2 howler monkeys (D:5)
  3 crimson imps
  A hound (D:6)
  2 worker ants
  A hound skeleton (D:6)
  A howler monkey zombie (D:6)
  4 gnolls (D:5)
  4 adders
  An ooze (D:4)
  An adder zombie (D:5)
  A worm (D:3)
  A leopard gecko (D:6)
  8 orcs
  3 jackals (D:4)
  A quokka (D:4)
  A leopard gecko zombie (D:6)
45 creatures vanquished.

Vanquished Creatures (others)
  2 slaves (D:6)
  A necrophage (D:6)
3 creatures vanquished.

Grand Total: 124 creatures vanquished

Notes
Turn   | Place    | Note
-------+----------+-------------------------------------------
     0 | D:1      | rin1221 the Demonspawn Wizard began the quest for the Orb.
     0 | D:1      | Reached XP level 1. HP: 13/13 MP: 4/4
   541 | D:1      | Gained mutation: You have sharp toenails. [demonic ancestry]
   541 | D:1      | Reached XP level 2. HP: 11/20 MP: 1/6
   714 | D:1      | Reached skill level 1 in Fighting
   719 | D:1      | Learned a level 2 spell: Blink
   722 | D:1      | Learned a level 2 spell: Call Imp
   725 | D:1      | Learned a level 2 spell: Slow
  1353 | D:2      | Reached skill level 1 in Translocations
  1396 | D:2      | Reached XP level 3. HP: 16/26 MP: 4/7
  2144 | D:3      | Found an ornate altar of the Wu Jian Council.
  2144 | D:3      | Found a sacrificial altar of Ru.
  2350 | D:3      | Gained mutation: You are partially covered in molten scales. (AC +2) [demonic ancestry]
  2350 | D:3      | Reached XP level 4. HP: 33/33 MP: 2/9
  2815 | D:3      | Noticed Vibarexel's ghost (amateur DENe)
  2827 | D:3      | Killed Vibarexel's ghost
  3082 | D:4      | Found a shattered altar of Ashenzari.
  3083 | D:4      | Found a snail-covered altar of Cheibriados.
  3111 | D:4      | Found a radiant altar of Vehumet.
  3111 | D:4      | Found a glowing golden altar of the Shining One.
  3112 | D:4      | Found a white marble altar of Elyvilon.
  3120 | D:4      | Became a worshipper of Vehumet
  3189 | D:4      | Gained mutation: A weak demonic guardian rushes to your aid. [demonic ancestry]
  3189 | D:4      | Reached XP level 5. HP: 27/38 MP: 7/10
  3234 | D:4      | Noticed a two-headed ogre
  3242 | D:4      | Noticed rin1221's ghost (amateur DsWz)
  3373 | D:4      | Killed a two-headed ogre
  3373 | D:4      | Reached skill level 1 in Hexes
  3373 | D:4      | Gained mutation: You are mostly covered in molten scales. (AC +3) [demonic ancestry]
  3373 | D:4      | Reached XP level 6. HP: 46/46 MP: 1/11
  3462 | D:4      | Learned a level 3 spell: Mephitic Cloud
  3905 | D:4      | Gained mutation: When hurt, damage is shared between your health and your magic reserves. [demonic ancestry]
  3905 | D:4      | Reached XP level 7. HP: 51/51 MP: 8/12
  4084 | D:5      | Entered Level 5 of the Dungeon
  4089 | D:5      | Learned a level 3 spell: Conjure Flame
  4091 | D:5      | Gained mutation: You are completely covered in molten scales. (AC +4, rF+) [potion of mutation]
  4091 | D:5      | Gained mutation: Scrolls take you a little longer to read. [potion of mutation]
  4091 | D:5      | Gained mutation: You are agile. (Dex +2) [potion of mutation]
  4092 | D:5      | Lost mutation: You are agile. (Dex +2) [potion of mutation]
  4092 | D:5      | Gained mutation: You expend magic power (3 MP) to strengthen your wands. [potion of mutation]
  4092 | D:5      | Gained mutation: You are weak. (Str -2) [potion of mutation]
  4092 | D:5      | Gained mutation: You possess an exceptional clarity of mind. [potion of mutation]
  4486 | D:5      | Reached * piety under Vehumet
  4486 | D:5      | Offered knowledge of Shock by Vehumet.
  4933 | D:5      | Gained mutation: Your spells are a little harder to cast, but a little more powerful. [mutagenic meat]
  4935 | D:5      | Gained mutation: You evolve. [mutagenic meat]
  4937 | D:5      | Lost mutation: Your spells are a little harder to cast, but a little more powerful. [mutagenic meat]
  4938 | D:5      | Gained mutation: Your flesh is cold resistant. (rC+) [mutagenic meat]
  4975 | D:5      | Learned a level 1 spell: Shock
  5023 | D:6      | Found a stormy altar of Qazlal.
  5028 | D:6      | Noticed Pikel
  5029 | D:6      | Noticed Blork the orc
  5090 | D:6      | Killed Blork the orc
  5157 | D:6      | Killed Pikel
  5157 | D:6      | Gained mutation: You regenerate magic rapidly. [demonic ancestry]
  5157 | D:6      | Reached XP level 8. HP: 37/58 MP: 0/14
  5405 | D:6      | Lost mutation: You are weak. (Str -2) [potion of mutation]
  5405 | D:6      | Lost mutation: Scrolls take you a little longer to read. [potion of mutation]
  5405 | D:6      | Lost mutation: You expend magic power (3 MP) to strengthen your wands. [potion of mutation]
  5405 | D:6      | Lost mutation: You evolve. [potion of mutation]
  5405 | D:6      | Lost mutation: You are completely covered in molten scales. (AC +4, rF+) [potion of mutation]
  5405 | D:6      | Lost mutation: Your flesh is cold resistant. (rC+) [potion of mutation]
  5405 | D:6      | Gained mutation: You are somewhat resistant to further mutation. [potion of mutation]
  5633 | D:6      | Reached skill level 1 in Evocations
  6470 | D:6      | Found a staircase to the Ecumenical Temple.
  6650 | D:7      | Noticed jupiterseattle's ghost (novice MfSk)
  6725 | D:7      | HP: 2/58 [something (4)]
  6725 | D:7      | Mangled by jupiterseattle's ghost

Vault maps used:
D:1:      minmay_arrival_widening_spiral_wide
D:2:      minmay_misc_feat_x, minmay_pentomino_x4
D:3:      chequers_temple_overflow_statue_of_worship
D:4:      minitemple, first_bread
D:6:      temple_hall, grunt_qazlal_clouds, uniq_blork_the_orc, uniq_pikel
D:7:      minmay_the_grid_plus_closed, grunt_dithmenos_smoke_and_mirrors,
          basic_altar

Skill      XL: |  1  2  3  4  5  6  7  8 |
---------------+-------------------------+-----
Dodging        | 2 3 |  3.3
Fighting       | 1 2 3 |  3.1
Translocations | 1 2 3 |  3.1
Conjurations   | 2 3 4 |  4.5
Hexes          | 1 2 3 |  3.1
Summonings     | 2 3 |  3.8
Spellcasting   | 4 |  4.8
Evocations     | 1 |  1.5
Stealth        | |  1.7
Air Magic      | |  0.6

Action                   |  1- 3 |  4- 6 |  7- 9 || total
-------------------------+-------+-------+-------++-------
Melee: Dagger            |    55 |    32 |   107 ||   194
       Kick              |     7 |     3 |       ||    10
 Cast: Magic Dart        |    70 |    30 |    24 ||   124
       Call Imp          |     9 |    25 |    90 ||   124
       Blink             |       |       |     1 ||     1
  Use: Scroll            |       |     6 |     6 ||    12
       Potion            |       |       |     6 ||     6
 Stab: Distracted        |       |       |     1 ||     1
       Sleeping          |       |       |     1 ||     1
  Eat: Chunk             |     5 |     5 |    10 ||    20
       Meat ration       |       |       |     1 ||     1
Armor: Robe              |     7 |    14 |    51 ||    72
Dodge: Dodged            |    42 |    31 |   110 ||   183
